 Dungeon Crawl Stone Soup version 0.26-a0-519-gb2f46ef (webtiles) character file.

Game seed: 7008982067564203934

16 sauken the Grasshopper (level 2, 0/23 HPs)
             Began as a Barachi Warper on Aug 11, 2020.
             Slain by a howler monkey (1 damage)
             ... on level 4 of the Dungeon.
             The game lasted 00:02:21 (309 turns).

sauken the Grasshopper (Barachi Warper)              Turns: 309, Time: 00:02:21

Health: 0/23       AC:  6    Str: 12    XL:     2   Next: 58%
Magic:  5/5        EV:  9    Int: 13    God:
Gold:   8          SH:  0    Dex: 11    Spells: 5/5 levels left

rFire    . . .     SeeInvis .     - Unarmed
rCold    . . .     Faith    .   (no shield)
rNeg     . . .     Spirit   .   b - +0 scale mail
rPois    .         Reflect  .   (no helmet)
rElec    .         Harm     .   (no cloak)
rCorr    .                      (no gloves)
MR       .....                  (no boots)
Stlth    ..........             (no amulet)
HPRegen  0.07/turn              (no ring)
MPRegen  0.09/turn              (no ring)

@: hasted, very quick
A: +LOS, swims, slowness 1, strong legs 1
a: Hop


You were on level 4 of the Dungeon.
You visited 1 branch of the dungeon, and saw 4 of its levels.

You collected 8 gold pieces.

Inventory:

Armour
 a - a +0 leather armour
 b - a +0 scale mail (worn)


   Skills:
 + Level 2.9 Fighting
 - Level 1.0 Throwing
 - Level 1.2 Armour
 - Level 2.1 Dodging
 * Level 3.1 Unarmed Combat
 - Level 2.1 Spellcasting
   Level 3.2 Translocations


You had 5 spell levels left.
You didn't know any spells.
Your spell library contained the following spells:

 Spells                   Type           Power        Failure   Level
 Blink                    Tloc           N/A          45%         2
 Gell's Gravitas          Tloc           #.........   71%         3
 Lesser Beckoning         Tloc           #.........   71%         3
 Teleport Other           Tloc           #.......     71%         3
 Passage of Golubria      Tloc           N/A          98%         4


Dungeon Overview and Level Annotations

Branches:
Dungeon (4/15)
 Temple: D:4-7

Altars:
Dithmenos
Wu Jian


Innate Abilities, Weirdness & Mutations

You can be seen from farther away. (+LOS)
You can swim through water.
You cover ground slowly.
You can hop short distances.


Message History

You miss the adder.
Unknown command.
You barely miss the adder.
A hound comes into view.
The howler monkey hits you.
* * * LOW HITPOINT WARNING * * *
The adder bites you but does no damage.
You take 3 damage, and have 1/23 hp.
Unknown command.
You miss the adder. The adder bites you but does no damage.
The howler monkey barely misses you.
You closely miss the adder. The adder misses you.
The howler monkey barely misses you.
You barely miss the adder. The adder closely misses you.
You closely miss the adder.
The howler monkey hoots and howls with incredible vigour!
The adder closely misses you.
You hear a shout! x2
You hit the adder. The howler monkey hits you.
You die...

## .# #.# # ..
..#. .##.....
######......#
#####hh@S<.#
#.....####......#
#.....####
#....## #####
..#..# .# .o. .#
#. . #. .

Skill      XL: |  1  2 |
---------------+-------+-----
Unarmed Combat | 3 |  3.1
Fighting       | |  2.9
Throwing       | |  1.0
Armour         | |  1.2
Dodging        | |  2.1
Spellcasting   | |  2.1
Translocations | |  3.2

Notes
Turn   | Place    | Note
-------+----------+-------------------------------------------
     0 | D:1      | sauken the Barachi Warper began the quest for the Orb.
     0 | D:1      | Reached XP level 1. HP: 17/17 MP: 3/3
    88 | D:2      | Reached XP level 2. HP: 17/23 MP: 5/5
   104 | D:2      | Found an ornate altar of the Wu Jian Council.
   220 | D:3      | Reached skill level 3 in Unarmed Combat
   237 | D:3      | Found a shadowy altar of Dithmenos.
   267 | D:3      | Noticed an ogre
   277 | D:4      | Noticed a howler monkey
   299 | D:4      | HP: 4/23 [adder (2)]
   304 | D:4      | HP: 1/23 [howler monkey (3)]
   309 | D:4      | Slain by a howler monkey

Table legend: (Time is in decaauts)
 A = Elapsed time spent in this place.
 B = Non-inter-level travel time spent in this place.
 C = Inter-level travel time spent in this place.
 D = Time resting spent in this place.
 E = Time spent auto-exploring this place.
 F = Levels seen in this place.
 G = Mean time per level.
                   A        B        C        D        E       F      G
               +--------+--------+--------+--------+--------+-----+--------+
         Total |    337 |    337 |      0 |      0 |      0 |   4 |   84.2 |
       Dungeon |    337 |    337 |      0 |      0 |      0 |   4 |   84.2 |
               +--------+--------+--------+--------+--------+-----+--------+

Top non-repeatable levels by time:
     D:3: 156 daAuts
     D:1: 96 daAuts
     D:2: 60 daAuts
     D:4: 25 daAuts

Table legend:
 A = Kills in this place as a percentage of kills in entire the game.
 B = Kills by you in this place as a percentage of kills by you in the entire game.
 C = Kills by friends in this place as a percentage of kills by friends in the entire game.
 D = Other kills in this place as a percentage of other kills in the entire game.
 E = Experience gained in this place as a percentage of experience gained in the entire game.
 F = Experience gained in this place divided by the number of levels of this place that you have seen.
                   A       B       C       D       E      F
               +-------+-------+-------+-------+-------+----------------------
         Total | 100.0 | 100.0 |   N/A |   N/A | 100.0 |   6.0
       Dungeon | 100.0 | 100.0 |   N/A |   N/A | 100.0 |   6.0
               +-------+-------+-------+-------+-------+----------------------

Action                   || total
-------------------------++-------
Melee: Unarmed           ||    76
Throw: Boomerang         ||     5
 Abil: Hop               ||     2
  Use: Scroll            ||     2
       Potion            ||     1
Armor: Leather armour    ||    20
       Scale mail        ||    15
Dodge: Dodged            ||    67

Vanquished Creatures
  An orc (D:4)
  3 bats
  A giant cockroach (D:1)
  2 goblins (D:1)
  2 hobgoblins (D:3)
  4 frilled lizards
  A kobold (D:4)
14 creatures vanquished. You could see a howler monkey (catching breath), a hound and an adder.

Levels and vault maps discovered:
D:1:      giann_bridges, layout_loops_ring
D:2:      layout_loops_ring, nicolae_overflow_crystal_walls,
          nicolae_gozag_zags_fifth_avenue
D:3:      layout_basic, old_standard_altar, chequers_ecumenical_altar_grove,
          serial_undead, serial_undead_d, serial_undead_c, serial_undead_e,
          serial_undead_f, serial_undead_b, serial_undead_d,
          minmay_misc_feat_pillars, nemelex_spade_bored_becter
D:4:      layout_rooms, kennysheep_mini_moat, nicolae_elemental_shop,
          minivault_24
